 Seeded DCSS version 0.29-a0-1047-g7c58e119a4 (webtiles) character file.

Game seed: 7296620447873847827 (custom seed)

2452 voltaire321 the Chiller (level 9, -6/63 (66) HPs)
             Began as a Merfolk Ice Elementalist on Aug 16, 2022.
             Was a Believer of Dithmenos.
             Mangled by a two-headed ogre
             ... wielding a +0 giant spiked club
              (28 damage)
             ... on level 8 of the Dungeon.
             The game lasted 00:23:12 (5694 turns).

voltaire321 the Chiller (Merfolk Ice Elementalist)  Turns: 5694, Time: 00:23:13

HP:   -6/63 (66)    AC:  9    Str:  8    XL:     9   Next: 50%
MP:   8/15          EV: 15    Int: 20    God:    Dithmenos [**....]
Gold: 375           SH:  5    Dex: 16    Spells: 10/17 levels left

rFire   . . .      SeeInvis .   s - +1 dagger (venom)
rCold   + . .      Faith    .   (no shield)
rNeg    . . .      Spirit   .   o - +0 robe of the End {rElec rC+ Regen+ Int+3}
rPois   .          Reflect  +   (no helmet)
rElec   +          Harm     .   (no cloak)
rCorr   .          Rampage  .   (no gloves)
Will    .....                   (no boots)
Stlth   ++++......              y - amulet of reflection
HPRegen 1.00/turn               (no ring)
MPRegen 0.14/turn               (no ring)

@: ice-armoured, freezing walls, wreathed by umbra, lightly drained
A: (nimble swimmer 2), mertail
a: Renounce Religion, Shadow Step


You were on level 8 of the Dungeon.
You worshipped Dithmenos.
Dithmenos was pleased with you.
You visited 2 branches of the dungeon, and saw 9 of its levels.

You collected 375 gold pieces.

Inventory:

Hand Weapons
 n - a +0 short sword of freezing
 s - a +1 dagger of venom (weapon)
Armour
 o - the +0 robe of the End (worn) {rElec rC+ Regen+ Int+3}
   (You found it on level 2 of the Dungeon)

   Int:       It affects your intelligence (+3).
   rC:        It protects you from cold.
   rElec:     It insulates you from electricity.
   Regen:     It increases your rate of health regeneration.
Jewellery
 y - an amulet of reflection (around neck)
Wands
 i - a wand of flame (47)
 l - a wand of charming (23)
 q - a wand of light (7)
 v - a wand of iceblast (10)
Scrolls
 e - a scroll of immolation
 f - a scroll of enchant armour {unknown}
 j - 3 scrolls of teleportation
 r - a scroll of noise {unknown}
 w - 2 scrolls of blinking {unknown}
 x - a scroll of vulnerability {unknown}
 z - a scroll of fear {unknown}
Potions
 a - a potion of attraction {unknown}
 b - a potion of magic
 c - 2 potions of lignification
 d - a potion of mutation {unknown}
 g - 3 potions of curing
 h - a potion of haste {unknown}
 k - 3 potions of heal wounds
 m - a potion of brilliance {unknown}
 p - a potion of might
 t - 2 potions of ambrosia
 u - 2 potions of flight {unknown}


   Skills:
 + Level 4.7 Fighting
 + Level 5.0 Short Blades
 + Level 6.4 Dodging
 + Level 5.7 Stealth
 + Level 4.4 Unarmed Combat
 + Level 4.5 Spellcasting
 + Level 6.6 Ice Magic
 + Level 4.2 Invocations


You had 10 spell levels left.
You knew the following spells:

 Your Spells              Type           Power      Damage    Failure   Level
a - Freeze                Ice            100%       1d11      1%          1
b - Frozen Ramparts       Ice            62%        1d10      2%          3
c - Ozocubu's Armour      Ice            31%        N/A       2%          3

Your spell library contained the following spells:

 Spells                   Type           Power      Damage    Failure   Level
 Magic Dart               Conj           16%        1d3       12%         1
 Shock                    Conj/Air       16%        1d4       12%         1
 Summon Small Mammal      Summ           16%        N/A       12%         1
 Call Imp                 Summ           4%         N/A       19%         2
 Hailstorm                Conj/Ice       17%        3d6       30%         4
 Call Canine Familiar     Summ           4%         N/A       36%         3
 Mephitic Cloud           Conj/Pois/Air  4%         N/A       36%         3
 Stone Arrow              Conj/Erth      8%         3d7       36%         3
 Summon Guardian Golem    Hex/Summ       4%         N/A       36%         3
 Swiftness                Air            4%         N/A       36%         3
 Airstrike                Air            2%         2d(1-17)  77%         4
 Animate Armour           Summ/Erth      8%         N/A       77%         4
 Lehudib's Crystal Spear  Conj/Erth      2%         10d2      100%        8


Dungeon Overview and Level Annotations

Branches:
Dungeon (8/15)             Temple (1/1) D:4
   Lair: D:8-11

Altars:
Ashenzari
Cheibriados
Dithmenos
Elyvilon
Fedhas
Gozag
Hepliaklqana
Kikubaaqudgha
Makhleb
Nemelex Xobeh
Okawaru
Qazlal
Ru
Sif Muna
Trog
Uskayaw
Vehumet
Wu Jian
Xom
Yredelemnul
Zin
The Shining One

Shops:
D:6 :


Innate Abilities, Weirdness & Mutations

((You are very nimble when in or above water. (Stealth+, EV+, Speed+++)))
Your lower body shifts to a powerful aquatic tail in water.


Message History

2 two-headed ogres come into view.
The two-headed ogre shouts in stereo!
A spriggan comes into view. It is wielding a +0 short sword.
Casting: Frozen Ramparts (dangerous; 2% risk of failure)
Confirm with . or Enter, or press ? or * to list all spells.
Casting: Frozen Ramparts (dangerous; 2% risk of failure)
Press: ? - help, Dir - look around, f - activate This square is wreathed by an umbra.
The walls around you are covered in ice.
The two-headed ogre shouts in stereo!
The wall freezes the two-headed ogre!
Casting: Frozen Ramparts (dangerous; 2% risk of failure)
Confirm with . or Enter, or press ? or * to list all spells.
A film of ice covers your body!
The wall freezes the spriggan!
The wall freezes the two-headed ogre.
You barely miss the two-headed ogre.
The two-headed ogre is moderately wounded.
The wall freezes the spriggan. x2; The wall freezes the two-headed ogre.
The two-headed ogre hits you with a +0 giant spiked club!!
You block the two-headed ogre's attack.
You hit the two-headed ogre but do no damage.
The two-headed ogre is moderately wounded.
The wall freezes the spriggan.
You barely miss the two-headed ogre.
The two-headed ogre is moderately wounded.
The wall freezes the two-headed ogre but does no damage.
The wall freezes the spriggan but does no damage.
You hit the two-headed ogre.
The two-headed ogre is moderately wounded.
The wall freezes the two-headed ogre.
The two-headed ogre closely misses you.
The two-headed ogre hits you with a +0 giant club!!
The wall freezes the spriggan!
The wall freezes the two-headed ogre!
You hit the two-headed ogre.
The two-headed ogre is poisoned.
The two-headed ogre is heavily wounded.
The wall freezes the spriggan. x2
You kill the spriggan!
Dithmenos accepts your kill.
The wall freezes the two-headed ogre! x2
The two-headed ogre hits you with a +0 giant spiked club!!
You die...

###..<...##
#...)###..#
#....####
##.# ..##
#.# # #
#.### ##.
#...# #...
###.#
##.#..####.#
......OO@..#
##.#!.######
#... ##. #


You could see 2 two-headed ogres.

Vanquished Creatures
  A spriggan (D:8)
  Duvessa (D:4)
  2 sky beasts (D:7)
  An ice beast (D:7)
  3 black bears
  5 ogres
  2 centaurs
  3 bullfrogs
  2 necrophages
  3 scorpions
  2 wights
  Dowan (D:4)
  3 hounds (D:5)
  A jelly (D:5)
  2 orc priests (D:7)
  A gnoll bouda (D:6)
  3 iguanas
  4 orc wizards
  4 gnolls
  5 adders
  An ufetubus (D:5)
  2 worms (D:2)
  2 dart slugs
  17 orcs
  4 ball pythons
  5 bats
  11 endoplasms
  8 giant cockroaches
  5 goblins
  8 hobgoblins
  4 jackals (D:1)
  2 quokkas
  7 frilled lizards
  8 kobolds
  2 kobold zombies (D:7)
  2 orc zombies (D:7)
  5 rats
142 creatures vanquished.

Vanquished Creatures (others)
  A fungus (D:1)
  A plant (D:1)
2 creatures vanquished.

Grand Total: 144 creatures vanquished

Notes
Turn   | Place    | Note
-------+----------+-------------------------------------------
     0 | D:1      | voltaire321 the Merfolk Ice Elementalist began the quest
                  | for the Orb.
     0 | D:1      | Reached XP level 1. HP: 13/13 MP: 3/3
   400 | D:1      | Found a faded altar of an unknown god.
   424 | D:1      | Reached XP level 2. HP: 19/19 MP: 3/5
   795 | D:1      | Reached XP level 3. HP: 23/25 MP: 1/6
  1108 | D:2      | Learned a level 3 spell: Frozen Ramparts
  1284 | D:2      | Reached skill level 1 in Fighting
  1284 | D:2      | Reached skill level 1 in Unarmed Combat
  1497 | D:2      | Identified the +0 robe of the End {rElec rC+ Regen+ Int+3}
  1548 | D:2      | Reached XP level 4. HP: 32/32 MP: 7/7
  1796 | D:4      | Found a staircase to the Ecumenical Temple.
  1823 | Temple   | Entered the Ecumenical Temple
  1826 | Temple   | Became a worshipper of Dithmenos the Shadowed
  2059 | D:3      | Reached skill level 1 in Short Blades
  2592 | D:3      | Noticed an ogre
  2599 | D:3      | Killed an ogre
  2600 | D:3      | Reached skill level 5 in Ice Magic
  2600 | D:3      | Reached XP level 5. HP: 38/38 MP: 1/9
  2746 | D:3      | Noticed a black bear
  2754 | D:3      | Killed a black bear
  2755 | D:3      | Reached skill level 1 in Invocations
  2755 | D:3      | Reached XP level 6. HP: 37/44 MP: 4/10
  2882 | D:4      | Noticed a black bear
  2912 | D:4      | Noticed Duvessa
  2912 | D:4      | Noticed Dowan
  2958 | D:4      | Found a radiant altar of Vehumet.
  3139 | D:4      | Learned a level 3 spell: Ozocubu's Armour
  3154 | D:4      | Killed a black bear
  3155 | D:4      | Reached XP level 7. HP: 44/51 MP: 1/11
  3197 | D:4      | Reached * piety under Dithmenos
  3242 | D:4      | Killed Duvessa
  3334 | D:4      | Killed Dowan
  3543 | D:5      | Entered Level 5 of the Dungeon
  3721 | D:5      | Reached XP level 8. HP: 58/58 MP: 13/13
  3736 | D:5      | Reached skill level 5 in Dodging
  4626 | D:6      | Reached skill level 5 in Stealth
  4759 | D:6      | Found Micuru Ibia's Vocational Training.
  4819 | D:6      | Reached XP level 9. HP: 40/65 MP: 11/15
  4904 | D:6      | Found a sparkling altar of Nemelex Xobeh.
  4905 | D:6      | Found a hazy altar of Hepliaklqana.
  4906 | D:6      | Found a burning altar of Makhleb.
  4906 | D:6      | Found a sacrificial altar of Ru.
  5059 | D:7      | Reached ** piety under Dithmenos
  5521 | D:7      | Reached skill level 5 in Short Blades
  5685 | D:8      | Noticed a two-headed ogre
  5685 | D:8      | Noticed a two-headed ogre
  5694 | D:8      | Mangled by a two-headed ogre

Illustrated notes

Levels and vault maps discovered:
D:1:      lemuel_arrival_tunnels, layout_rooms, dreamdust_ecumenical_altar_grove
D:2:      layout_rooms
D:3:      layout_loops_cross
D:4:      layout_rooms, mainiacjoe_overflow_brackets, temple_doors_e,
          minmay_stone_trees_small, small_statue_intersection, st_stairs_14,
          uniq_duvessa
D:5:      layout_rooms, dk_noncrumbling_2, grunt_decor_one_mirror, hex_tiny,
          cheibrodos_gnoll_hut
D:6:      layout_gridville, mainiacjoe_overflow_alcove_3,
          nicolae_shop_vocational
D:7:      layout_layer_cave, minmay_mini_ossuary
D:8:      layout_cave_pods, dpeg_oklobed_lair, serial_shops, nicolae_shop_stone,
          hellmonk_guarded_unrand_gyre_and_gimble, uniq_grum
Temple:   sentei_temple_godly_chess

Skill      XL: |  1  2  3  4  5  6  7  8  9 |
---------------+----------------------------+-----
Dodging        | 3 4 5 6 |  6.4
Fighting       | 1 2 3 4 |  4.7
Unarmed Combat | 1 2 3 4 |  4.4
Short Blades   | 1 2 3 4 5 |  5.0
Stealth        | 3 4 5 |  5.7
Ice Magic      | 5 6 |  6.6
Invocations    | 1 2 3 4 |  4.2
Spellcasting   | 3 4 |  4.5

Action                   |  1- 3 |  4- 6 |  7- 9 || total
-------------------------+-------+-------+-------++-------
Melee: Unarmed           |    11 |       |       ||    11
       Short sword       |    24 |    53 |    11 ||    88
       Dagger            |       |       |   200 ||   200
       Punch             |       |       |     6 ||     6
 Cast: Freeze            |    52 |    39 |    17 ||   108
       Frozen Ramparts   |       |     7 |    30 ||    37
       Ozocubu's Armour  |       |     1 |     6 ||     7
  Use: Scroll            |       |       |    10 ||    10
 Stab: Sleeping          |     4 |     5 |     9 ||    18
Armor: Robe              |     6 |    10 |    14 ||    30
Dodge: Dodged            |    52 |    55 |   120 ||   227
Block: Other             |       |       |    11 ||    11

Table legend: (Time is in decaauts)
 A = Elapsed time spent in this place.
 B = Non-inter-level travel time spent in this place.
 C = Inter-level travel time spent in this place.
 D = Time resting spent in this place.
 E = Time spent auto-exploring this place.
 F = Levels seen in this place.
 G = Mean time per level.
                   A        B        C        D        E       F      G
               +--------+--------+--------+--------+--------+-----+--------+
         Total |   5654 |   5483 |    171 |   1649 |   2087 |   9 |  628.2 |
       Dungeon |   5648 |   5477 |    171 |   1649 |   2087 |   8 |  706.0 |
        Temple |      6 |      6 |      0 |      0 |      0 |   1 |    6.0 |
               +--------+--------+--------+--------+--------+-----+--------+

Top non-repeatable levels by time:
     D:3: 1116 daAuts
     D:1: 1066 daAuts
     D:5: 836 daAuts
     D:2: 689 daAuts
     D:4: 661 daAuts
     D:6: 653 daAuts
     D:7: 584 daAuts
     D:8: 40 daAuts
  Temple: 6 daAuts
